AoeStats
← Lost My Scout

Nomad

510012759Analyzed
4v4 RM · 2d ago on Sep 29, 2026· 55m 12s· 8 players
Game mode
Random Map
Map size
231×231
Population
200
Speed
Normal
Resources
Standard
Victory
Conquest
Starting age
Dark Age
Ending age
Imperial Age
RankedLock teamsTeams togetherTeam positionsShared explorationLock speedFull tech treeHidden civsTurbo modeCheats
Victory
Defeat
🇸🇬 Huns · Singapore
819
+17
🇲🇽 Chinese · Mexico
810
+17
🇨🇳 Teutons · China
804
+17
🇭🇺 Vietnamese · Hungary
796
+18
🇵🇹 Byzantines · Portugal
845
-18
🇺🇸 Franks · United States
840
-17
🇲🇽 Spanish · Mexico
824
-17
🇺🇸 Wu · United States
821
-17
chentao_1209
4:47 Loom
4:54 Loom
17:24 Feudal Age
23:16 Castle Age
27:18 Scale Mail Armor
33:13 Fletching
38:04 Forging
39:08 Double-Bit Axe
41:15 Chain Mail Armor
43:18 Bow Saw
42:48 Pikeman
43:28 Squires
43:14 Arson
47:02 Iron Casting
50:39 Imperial Age
48:07 Gold Mining
50:53 Cavalier
51:47 Bloodlines
52:08 Bodkin Arrow
52:14 Padded Archer Armor
52:44 Plate Mail Armor
Soldaris
5:52 Loom
16:07 Feudal Age
16:34 Double-Bit Axe
17:27 Wheelbarrow
18:04 Gold Mining
19:19 Stone Mining
24:36 Castle Age
22:43 Fletching
25:28 Bow Saw
25:01 Horse Collar
27:05 Hand Cart
27:36 Heavy Plow
30:25 Bodkin Arrow
32:34 Murder Holes
33:01 Ballistics
37:23 Imperial Age
34:40 Town Watch
35:44 Forging
36:06 Scale Barding Armor
37:07 Marauders
37:50 Iron Casting
37:36 Chain Barding Armor
38:00 Gold Shaft Mining
39:10 Two-Man Saw
38:32 Conscription
39:16 Chemistry
38:48 Masonry
38:40 Bracer
39:42 Blast Furnace
40:39 Elite Tarkan
43:13 Bloodlines
43:04 Husbandry
44:48 Plate Barding Armor
44:14 Scale Mail Armor
50:31 Chain Mail Armor
50:16 Padded Archer Armor
51:29 Spies/Treason
juhamate7
7:49 Loom
14:39 Feudal Age
19:48 Castle Age
17:54 Double-Bit Axe
27:02 Bow Saw
26:42 Horse Collar
27:54 Sanctity
32:12 Wheelbarrow
31:23 Town Watch
31:51 Fletching
32:01 Padded Archer Armor
33:16 Chatras
35:02 Bodkin Arrow
35:07 Padded Archer Armor
35:35 Ballistics
36:39 Murder Holes
40:00 Imperial Age
40:12 Onager
43:45 Chemistry
42:13 Pikeman
42:54 Squires
42:39 Arson
42:36 Elite Rattan Archer
48:21 Husbandry
48:32 Bloodlines
47:42 Elite Battle Elephant
49:53 Two-Man Saw
49:01 Heavy Plow
49:38 Bracer
49:53 Leather Archer Armor
50:58 Paper Money
56:20 Ring Archer Armor
raul_ruizv
4:38 Loom
17:54 Feudal Age
19:16 Double-Bit Axe
21:36 Gold Mining
25:09 Castle Age
23:07 Stone Mining
26:39 Medium Warships
29:28 Gold Shaft Mining
29:30 Stone Shaft Mining
39:53 Imperial Age
38:04 Wheelbarrow
37:56 Bow Saw
37:56 Scale Barding Armor
38:02 Forging
37:53 Scale Mail Armor
41:21 Heavy Warships
43:55 Fishing Lines
Timor Primus
5:33 Loom
20:27 Feudal Age
22:16 Arson
21:52 Man-at-Arms
22:31 Double-Bit Axe
24:00 Wheelbarrow
23:43 Scale Mail Armor
23:54 Forging
23:35 Fletching
24:38 Gold Mining
24:39 Stone Mining
31:30 Castle Age
29:39 Padded Archer Armor
30:38 Scale Barding Armor
32:24 Crossbowman
33:15 Squires
32:36 Pikeman
33:27 Horse Collar
34:25 Bow Saw
34:48 Heavy Plow
34:46 Fishing Lines
34:40 Demolition Ship
36:21 Medium Warships
36:09 Elite Skirmisher
36:49 Bodkin Arrow
37:10 Leather Archer Armor
38:34 Gold Shaft Mining
38:49 Chain Barding Armor
39:04 Thumb Ring
43:18 Imperial Age
41:52 Chain Mail Armor
42:40 Gillnets
44:24 Iron Casting
44:06 Leather Archer Armor
44:08 Gambesons
44:56 Ballistics
45:37 Chemistry
SHEEP STEALER
7:43 Loom
14:26 Feudal Age
14:56 Double-Bit Axe
22:18 Castle Age
20:39 Man-at-Arms
21:30 Gold Mining
21:30 Stone Mining
21:21 Horse Collar
21:57 Scale Mail Armor
22:07 Forging
22:50 Long Swordsman
23:31 Squires
23:17 Arson
24:46 Chain Mail Armor
27:55 Iron Casting
31:30 Gold Shaft Mining
31:22 Bow Saw
Ryoga
4:35 Loom
18:50 Feudal Age
20:25 Wheelbarrow
19:38 Double-Bit Axe
19:38 Fishing Lines
24:49 Castle Age
24:12 Town Watch
24:21 Horse Collar
25:11 Arson
26:33 Hand Cart
26:17 Gillnets
27:09 Bow Saw
27:29 Elite Skirmisher
28:13 Squires
27:34 Pikeman
32:10 Medium Warships
35:41 Scale Barding Armor
35:36 Scale Mail Armor
35:47 Forging
35:39 Padded Archer Armor
35:30 Fletching
40:51 Leather Archer Armor
40:32 Bodkin Arrow
43:56 Masonry
44:07 Ballistics
43:43 Murder Holes
44:19 Town Patrol
44:41 Inquisition
Lost My Scout
5:24 Loom
19:22 Feudal Age
20:52 Wheelbarrow
20:03 Town Watch
20:15 Double-Bit Axe
20:27 Fishing Lines
20:55 Gold Mining
21:07 Stone Mining
26:33 Castle Age
24:56 Scale Barding Armor
25:08 Forging
25:12 Scale Mail Armor
25:45 Fletching
26:56 Light Cavalry
27:37 Husbandry
27:33 Gillnets
28:15 Hand Cart
28:37 Bow Saw
29:27 Town Patrol
35:12 Arson
35:58 Squires
35:40 Pikeman
38:11 Fervor
37:57 Herbal Medicine
38:03 Devotion
41:56 Imperial Age
39:54 Murder Holes
39:40 Treadmill Crane
40:11 Masonry
40:22 Ballistics
40:17 Bodkin Arrow
42:24 Chain Barding Armor
42:40 Iron Casting
42:21 Chain Mail Armor
43:03 Gold Shaft Mining
42:43 Chivalry
43:11 Conscription
43:52 Hoardings
43:28 Halberdier
43:32 Cavalier
45:58 Plate Barding Armor
46:27 Chemistry
Connection lost

Rejoining the realm…

Still unreachable

The connection could not be restored.

Session expired

The server has moved on; the page needs a fresh start.